 Dungeon Crawl Stone Soup version 0.25.0-46-gbd7b0854d2 (console) character file.

Game seed: 388307309947387253

7728 Colgate the Protected (level 11, -5/92 HPs)
             Began as a Deep Dwarf Monk on July 10, 2020.
             Was a Priest of Makhleb.
             Slain by Urug
             ... wielding a +1 broad axe
              (21 damage)
             ... on level 2 of the Lair of Beasts on July 12, 2020.
             The game lasted 02:57:55 (8217 turns).

Colgate the Protected (Deep Dwarf Monk)             Turns: 8217, Time: 02:57:56

Health: -5/92      AC: 14    Str: 19    XL:     11   Next: 0%
Magic:  1/1        EV: 10    Int: 10    God:    Makhleb [***...]
Gold:   319        SH:  0    Dex: 21    Spells: 10/10 levels left

rFire    . . .     SeeInvis .   L - +4 rapier (vamp)
rCold    + . .     Gourm    .   (no shield)
rNeg     . . .     Faith    .   B - +1 chain mail {rC+}
rPois    +         Spirit   .   I - +0 helmet
rElec    .         Reflect  .   (no cloak)
rCorr    .         Harm     .   (no gloves)
MR       +....                  (no boots)
Stlth    ..........             (no amulet)
HPRegen  0.00/turn              u - ring of poison resistance
MPRegen  0.07/turn              l - +6 ring of dexterity

@: non-regenerating, studying Necromancy
A: damage resistance, heal wounds, sense surroundings 2, no regeneration
a: Heal Wounds, Minor Destruction, Lesser Servant of Makhleb, Renounce Religion


You were on level 2 of the Lair of Beasts.
You worshipped Makhleb.
Makhleb was most pleased with you.
You were hungry.

You visited 3 branches of the dungeon, and saw 11 of its levels.

You collected 319 gold pieces.

Inventory:

Hand Weapons
 f - a +0 short sword of freezing
 j - a +0 hunting sling
 m - a +0 club
 E - a +0 vampiric dagger
 L - a +4 vampiric rapier (weapon)
 M - a +6 flail of pain
 Q - the +1 whip "Vogaheal" {flame, Dex+5}
   (You found it on level 5 of the Dungeon)

   It has been specially enchanted to burn those struck by it, causing extra
   injury to most foes and up to half again as much damage against particularly
   susceptible opponents.
   It affects your dexterity (+5).
 X - a +0 dagger of holy wrath
Missiles
 k - 267 stones
 D - 53 poisoned darts (quivered)
 J - 30 sling bullets
 N - 18 boomerangs
Armour
 B - a +1 chain mail of cold resistance (worn)
 I - a +0 helmet (worn)
Magical Staves
 z - an uncursed staff of cold
Jewellery
 h - an uncursed ring of flight
 l - a +6 ring of dexterity (right hand)
 u - a ring of poison resistance (left hand)
 G - an uncursed ring of ice
 V - an uncursed ring of attention
Wands
 s - a wand of flame (21)
 C - a wand of enslavement (8)
 H - a wand of polymorph (4)
 U - a wand of iceblast (11)
 W - a wand of digging (5)
Scrolls
 e - a scroll of fog
 g - 2 scrolls of identify
 o - a scroll of random uselessness
 p - 7 scrolls of remove curse
 q - a scroll of fear {unknown}
 x - 2 scrolls of amnesia
 y - 6 scrolls of teleportation
 A - a scroll of enchant armour {unknown}
 O - a scroll of enchant weapon
Potions
 b - a potion of lignification {unknown}
 d - a potion of experience {unknown}
 i - 5 potions of brilliance {unknown}
 n - 7 potions of curing
 t - a potion of mutation {unknown}
 v - 3 potions of flight {unknown}
 w - a potion of resistance {unknown}
 F - 2 potions of heal wounds {unknown}
 K - a potion of berserk rage {unknown}
 R - 2 potions of magic {unknown}
Books
 r - a manual of Necromancy
Comestibles
 c - 12 rations


   Skills:
 - Level 4.1 Fighting
 + Level 9.9 Short Blades
   Level 8.0 Axes
 - Level 4.3(4.7) Slings
 - Level 2.1(3.2) Throwing
 - Level 10.0 Armour
 - Level 4.0 Dodging
 - Level 2.4 Stealth
 - Level 1.7 Evocations


You had 10 spell levels left.
You didn't know any spells.
Your spell library contained the following spells:

 Spells                   Type           Power        Failure   Level  Hunger
 Animate Skeleton         Necr           N/A          96%         1    ##.....
 Apportation              Tloc           #.....       96%         1    ##.....
 Corona                   Hex            #......      96%         1    ##.....
 Summon Small Mammal      Summ           #...         96%         1    ##.....


Dungeon Overview and Level Annotations

Branches:
Dungeon (8/15)             Temple (1/1) D:6            Lair (2/6) D:8
  Swamp: Lair:2-4    Shoals: Lair:2-4     Snake: Lair:2-4    Spider: Lair:2-4

Altars:
Ashenzari
Cheibriados
Kikubaaqudgha
Makhleb
Uskayaw
Wu Jian
Xom

Annotations:
Lair:2 Urug


Innate Abilities, Weirdness & Mutations

You are resistant to damage.
You can heal yourself by infusing magical energy.
You passively map the area around you.
You do not regenerate.


Message History

Urug is lightly wounded.
You hit Urug but do no damage.
Urug is lightly wounded.
Urug hits you but does no damage.
You miss Urug.
Urug is lightly wounded.
You hit Urug.
Urug is lightly wounded.
Urug hits you with a +1 broad axe!
* * * LOW HITPOINT WARNING * * *
You closely miss Urug.
Urug is lightly wounded.
You hit Urug but do no damage.
Urug is lightly wounded.
Urug hits you with a +1 broad axe!
* * * LOW HITPOINT WARNING * * *
You hit Urug but do no damage.
Urug is lightly wounded.
Urug hits you with a +1 broad axe!!
You die...

, * , * #......... #,
#...#..... ,
#.######...##.... *
#.#.#......P#.... *
#............<...
###..PP.......... * *
##(###...#.#.... # *
#†#(##...####... #.##
#(........# #...
*#...##...............
#P.#.@#...........#...
#.....o...........#...
###..P.......... ,
#(.(#.........
#...##........ ##..
........., , * ...
#........ , * #...
......... , #..,
.......,, * * , , < ,
, , , * ,, ,, ,


You could see Urug.

Vanquished Creatures
  A hydra (Lair:1)
  A black mamba (Lair:1)
  A spiny frog (Lair:2)
  A komodo dragon (Lair:1)
  A hippogriff (D:8)
  Sigmund (D:5)
  Eustachio (D:5)
  6 yaks (Lair:1)
  Edmund (D:5)
  4 water moccasins
  A porcupine (Lair:1)
  Duvessa (D:5)
  A sky beast (D:2)
  2 ice beasts
  2 orc warriors (D:7)
  5 wolves (Lair:1)
  6 ogres
  2 crocodiles
  4 centaurs
  A big kobold (D:8)
  6 bullfrogs
  Dowan (D:5)
  A wyvern skeleton (D:8)
  4 scorpions
  5 killer bees (D:7)
  4 wights (D:8)
  3 howler monkeys
  A centaur zombie (D:8)
  3 jellies
  A bullfrog zombie (D:7)
  A centaur skeleton (D:5)
  4 orc priests
  3 bullfrog skeletons
  3 hounds
  5 orc wizards
  An iguana (D:7)
  3 worker ants
  A killer bee zombie (D:8)
  A hound zombie (D:5)
  Robin (D:4)
  5 adders
  3 shadow imps
  2 oozes (D:2)
  2 adder zombies
  2 worms (D:2)
  2 dart slugs
  7 leopard geckos
  21 orcs
  3 giant cockroaches
  14 hobgoblins
  2 quokkas
  2 ball pythons
  8 bats
  6 frilled lizards
  A giant cockroach zombie (D:5)
  15 goblins
  A jackal skeleton (D:5)
  13 kobolds
  5 rats
209 creatures vanquished.

Vanquished Creatures (others)
  A komodo dragon (Lair:2)
  An adder (D:5)
2 creatures vanquished.

Grand Total: 211 creatures vanquished

Notes
Turn   | Place    | Note
-------+----------+-------------------------------------------
     0 | D:1      | Colgate the Deep Dwarf Monk began the quest for the Orb.
     0 | D:1      | Reached XP level 1. HP: 20/20 MP: 1/1
   282 | D:1      | Reached XP level 2. HP: 20/27 MP: 2/2
   954 | D:2      | Reached XP level 3. HP: 16/33 MP: 3/3
  1084 | D:2      | Reached skill level 1 in Slings
  1375 | D:2      | Reached XP level 4. HP: 37/40 MP: 4/4
  1636 | D:2      | Noticed a sky beast
  1674 | D:2      | Killed a sky beast
  1674 | D:2      | Reached XP level 5. HP: 38/46 MP: 3/3
  1997 | D:3      | Reached skill level 1 in Armour
  2079 | D:3      | Reached skill level 2 in Armour
  2153 | D:3      | Reached skill level 3 in Armour
  2153 | D:3      | Reached XP level 6. HP: 24/55 MP: 3/3
  2507 | D:3      | Found a snail-covered altar of Cheibriados.
  2572 | D:3      | Found a shattered altar of Ashenzari.
  3241 | D:4      | Noticed Robin
  3283 | D:4      | Killed Robin
  3771 | D:4      | Reached skill level 4 in Armour
  4082 | D:5      | Entered Level 5 of the Dungeon
  4091 | D:5      | Noticed Duvessa
  4097 | D:5      | Noticed Dowan
  4105 | D:5      | Killed Duvessa
  4105 | D:5      | Reached skill level 5 in Axes
  4105 | D:5      | Reached XP level 7. HP: 61/61 MP: 3/3
  4111 | D:5      | Noticed Edmund
  4116 | D:5      | Reached skill level 1 in Short Blades
  4120 | D:5      | Noticed Eustachio
  4145 | D:5      | Reached skill level 5 in Armour
  4153 | D:5      | Killed Edmund
  4170 | D:5      | Killed Dowan
  4170 | D:5      | Reached skill level 6 in Armour
  4181 | D:5      | Killed Eustachio
  4181 | D:5      | Reached XP level 8. HP: 34/68 MP: 4/4
  4226 | D:5      | Upgraded the game from 0.25.0-41-g26779e291d to
                  | 0.25.0-45-g978344163c
  4262 | D:5      | Noticed Sigmund
  4278 | D:5      | Killed Sigmund
  4449 | D:5      | Reached skill level 7 in Armour
  4563 | D:5      | Got a smoking whip
  4564 | D:5      | Identified the cursed +1 whip "Vogaheal" {flame, Dex+5}
                  | (You found it on level 5 of the Dungeon)
  4889 | D:6      | Reached skill level 8 in Armour
  4938 | D:6      | Found a staircase to the Ecumenical Temple.
  5045 | D:6      | Gained mutation: You passively map the area around you.
                  | [Deep Dwarf growth]
  5045 | D:6      | Reached XP level 9. HP: 74/74 MP: 5/5
  5105 | D:6      | Reached skill level 9 in Armour
  5374 | D:6      | Reached skill level 1 in Throwing
  5636 | Temple   | Entered the Ecumenical Temple
  5643 | Temple   | Became a worshipper of Makhleb the Destroyer
  5643 | Temple   | Reached * piety under Makhleb
  5643 | Temple   | Reached ** piety under Makhleb
  5886 | D:7      | Found a shimmering altar of Xom.
  5887 | D:7      | Found an ornate altar of the Wu Jian Council.
  5974 | D:7      | Reached skill level 10 in Armour
  6334 | D:7      | Found an ancient bone altar of Kikubaaqudgha.
  6826 | D:8      | Reached skill level 5 in Short Blades
  6971 | D:8      | Reached XP level 10. HP: 85/85 MP: 1/1
  6984 | D:8      | Reached *** piety under Makhleb
  7024 | D:8      | Reached skill level 1 in Evocations
  7193 | D:8      | Found a staircase to the Lair.
  7198 | Lair:1   | Entered Level 1 of the Lair of Beasts
  7366 | Lair:1   | Noticed a five-headed hydra
  7398 | Lair:1   | Killed a five-headed hydra
  7473 | Lair:1   | Noticed a black mamba
  7483 | Lair:1   | Killed a black mamba
  8120 | Lair:2   | Noticed Urug
  8120 | Lair:2   | Noticed a spiny frog
  8140 | Lair:2   | Upgraded the game from 0.25.0-45-g978344163c to
                  | 0.25.0-46-gbd7b0854d2
  8152 | Lair:2   | Killed a spiny frog
  8207 | Lair:2   | Reached XP level 11. HP: 43/92 MP: 1/1
  8217 | Lair:2   | Slain by Urug

Illustrated notes

Levels and vault maps discovered:
D:1:      dpeg_arrival_refuge, layout_loops_corners
D:2:      layout_loops_corners, nrook_mini_backslash, grunt_ministairs_9
D:3:      layout_loops_corners, old_standard_altar,
          nicolae_overflow_crystal_walls, first_ration
D:4:      layout_basic, uniq_robin
D:5:      layout_cave_pools, uniq_edmund, uniq_sigmund, uniq_eustachio,
          uniq_duvessa
D:6:      layout_cave_pods, minmay_temple_entry_proselytizer,
          minmay_misc_feat_five, minmay_misc_feat_nine_boxes
D:7:      layout_gridville, gammafunk_temple_overflow_pools,
          kennysheep_mini_moat
D:8:      layout_loops_ring, marbit_many_paths, lair_entry_dummy
Temple:   regret_index_temple_waves
Lair:1:   layout_chaotic_city
Lair:2:   layout_gridlike, minmay_snake_entry_guardpost_medium, uniq_urug

Skill      XL: |  1  2  3  4  5  6  7  8  9 10 |
---------------+-------------------------------+-----
Dodging        | 4 |  4.0
Axes           | 4 5 6 8 |  8.0
Slings         | 2 4 |  4.3
Armour         | 3 4 6 8 10 | 10.0
Short Blades   | 1 5 9 |  9.9
Throwing       | 2 |  2.1
Fighting       | 4 |  4.1
Evocations     | 1 |  1.7
Stealth        | |  2.4

Action                   |  1- 3 |  4- 6 |  7- 9 | 10-12 || total
-------------------------+-------+-------+-------+-------++-------
Melee: Hand axe          |    96 |   159 |    63 |       ||   318
       Dagger            |       |   109 |    42 |    91 ||   242
       Rapier            |       |       |   375 |   169 ||   544
       Flail             |       |       |    14 |       ||    14
       Whip              |       |       |     8 |    19 ||    27
 Fire: Hunting sling     |    49 |    26 |    34 |    29 ||   138
Throw: Stone             |     4 |     5 |       |       ||     9
       Dart              |       |     9 |    44 |    23 ||    76
       Boomerang         |       |       |     9 |    18 ||    27
 Abil: Heal Wounds       |     1 |     9 |    28 |     7 ||    45
Evoke: Wand              |       |     6 |    11 |    10 ||    27
  Use: Scroll            |       |       |    12 |     1 ||    13
 Stab: Invisible         |       |       |       |     3 ||     3
  Eat: Chunk             |     2 |     8 |    10 |     4 ||    24
Armor: Robe              |    16 |       |       |       ||    16
       Leather armour    |     4 |    37 |       |       ||    41
       Chain mail        |       |    45 |   495 |   132 ||   672
Dodge: Dodged            |    83 |   115 |   487 |   120 ||   805
